 Dungeon Sprint DCSS version 0.30.1-11-g7821555f0a (webtiles) character file.

Game seed: 2902790927476773282

220 Groucho the Geomancer (level 5, -2/28 HPs)
             Began as a Deep Elf Earth Elementalist on Jan 3, 2024.
             Was a Believer of Sif Muna.
             Slain by a fire bat (9 damage)
             ... in the Dungeon (Sprint VII: "The Pits").
             The game lasted 00:02:54 (414 turns).

Groucho the Geomancer (Deep Elf Earth Elementalist)  Turns: 414, Time: 00:02:54

Health: -2/28      AC:  2    Str:  5    XL:     5   Next: 64%
Magic:  5/16       EV: 12    Int: 22    God:    Sif Muna [**....]
Gold:   0          SH:  0    Dex: 15    Spells: 17/18 levels left

rFire   . . .        h - +2 dagger
rCold   . . .        (no shield)
rNeg    . . .        a - +0 robe
rPois   .            (no helmet)
rElec   .            (no cloak)
rCorr   .            (no gloves)
SInv    .            (no boots)
Will    .....        (no amulet)
Stlth   ++++         (no ring)
HPRegen 0.24/turn    (no ring)
MPRegen 0.15/turn

%: no teleportation
@: no status effects
A: no striking features
a: Renounce Religion, Channel Magic


You were in the Dungeon.
You worshipped Sif Muna.
Sif Muna was pleased with you.
You visited 1 branch

Inventory:

Hand Weapons
 h - a +2 dagger (weapon)
Armour
 a - a +0 robe (worn)
Scrolls
 g - a scroll of blinking
 j - 5 scrolls of amnesia
 k - a scroll of butterflies
 l - 2 scrolls of vulnerability
Potions
 b - 5 potions of magic
 c - 6 potions of curing
 d - 5 potions of heal wounds
 e - a potion of haste
 f - 3 potions of berserk rage
 i - 2 potions of invisibility


   Skills:
 - Level 2.4 Dodging
 + Level 7.2 Stealth
 + Level 7.4 Spellcasting
 + Level 5.5 Conjurations
 - Level 1.1 Transmutations
 * Level 8.8 Earth Magic


You had 17 spell levels left.
You knew the following spells:

 Your Spells              Type           Power      Damage    Failure   Level
a - Sandblast             Erth           94%        2d19      1%          1

Your spell library contained the following spells:

 Spells                   Type           Power      Damage    Failure   Level
 Passwall                 Tmut/Erth      25%        N/A       1%          2
 Stone Arrow              Conj/Erth      78%        3d11      1%          3
 Petrify                  Tmut/Erth      30%        N/A       10%         4


Dungeon Overview and Level Annotations

Branches:
Dungeon (1/1)

Altars:
Ashenzari
Cheibriados
Dithmenos
Elyvilon
Fedhas
Gozag
Hepliaklqana
Kikubaaqudgha
Makhleb
Nemelex Xobeh
Okawaru
Qazlal
Ru
Sif Muna
Trog
Uskayaw
Vehumet
Wu Jian
Xom
Yredelemnul
Zin
The Shining One
Jiyva
Lugonu


Message History

Ouch! That really hurt!
* * * LOW HITPOINT WARNING * * *
Unknown command.
You feel much better.
Casting: Sandblast (safe; 1% risk of failure)
Confirm with . or Enter, or press ? or * to list all spells.
Aiming: Sandblast (safe; 1% risk of failure)
Press: ? - help, Shift-Dir - straight line, f/p - Grinder
Aim: Grinder (almost dead, 81% to hit)
The blast of sand hits Grinder!
You kill Grinder!
Sif Muna accepts your kill. The fire bat closely misses you.
The fire bat bites you.
You are engulfed in flames.
* * * LOW HITPOINT WARNING * * *
Your Stealth skill gained 3 levels and is now at level 7!
Your Spellcasting skill gained 3 levels and is now at level 7!
Your Conjurations skill gained 3 levels and is now at level 5!
Your Earth Magic skill gained 3 levels and is now at level 8!
You have reached level 3!
Your experience leads to an increase in your attributes!
Increase (S)trength, (I)ntelligence, or (D)exterity?
You feel clever. x2
You have reached level 4!
You feel clever.
You have reached level 5!
Unknown command.
Unknown command.
Unknown command.
Casting: Sandblast (safe; 1% risk of failure)
Confirm with . or Enter, or press ? or * to list all spells.
Aiming: Sandblast (safe; 1% risk of failure)
Press: ? - help, Shift-Dir - straight line, f - floating eye
Aim: a floating eye (100% to hit)
The blast of sand hits the fire bat!
The fire bat is severely wounded.
The fire bat bites you.
* * * LOW HITPOINT WARNING * * *
You are engulfed in flames!
You die...

###########
_________.#
_________.#
_______...##########
##########'##........
#..(.')))'.##......#.
##########.##........
#..b@.......'........
#G#####'#####......#.
#.#.....#..##........
#.#.....#))#####'####
#5###'###))##.......#
#.#...†.#))##.......#
#b#.....#[[##.......#
#.####)##'###...<...#
#.#........##.......#


You could see a fire bat and a floating eye.

Vanquished Creatures
  Grinder (D)
  A mummy (D)
  An ufetubus (D)
  A bat (D)
  An endoplasm (D)
  A giant cockroach (D)
  A goblin (D)
  A quokka (D)
  2 rats (D)
10 creatures vanquished.

Notes
Turn   | Place    | Note
-------+----------+-------------------------------------------
     0 | D        | Groucho the Deep Elf Earth Elementalist began the quest for
                  | the Orb.
     0 | D        | Reached XP level 1. HP: 10/10 MP: 6/6
    43 | D        | Found a bloodstained altar of Trog.
    43 | D        | Found a shimmering blue altar of Sif Muna.
    43 | D        | Found a viscous altar of Jiyva.
    43 | D        | Found a hazy altar of Hepliaklqana.
    43 | D        | Found an opulent altar of Gozag.
    44 | D        | Found a glowing golden altar of the Shining One.
    44 | D        | Found a glowing silver altar of Zin.
    44 | D        | Found a basalt altar of Yredelemnul.
    44 | D        | Found a shimmering altar of Xom.
    44 | D        | Found an ornate altar of the Wu Jian Council.
    44 | D        | Found a sacrificial altar of Ru.
    44 | D        | Found a stormy altar of Qazlal.
    44 | D        | Found an iron altar of Okawaru.
    44 | D        | Found a sparkling altar of Nemelex Xobeh.
    44 | D        | Found a burning altar of Makhleb.
    44 | D        | Found a blossoming altar of Fedhas.
    44 | D        | Found a white marble altar of Elyvilon.
    44 | D        | Found a shadowy altar of Dithmenos.
    44 | D        | Found a snail-covered altar of Cheibriados.
    45 | D        | Found a radiant altar of Vehumet.
    45 | D        | Found a corrupted altar of Lugonu.
    46 | D        | Found an ancient bone altar of Kikubaaqudgha.
    46 | D        | Found a hide-covered altar of Uskayaw.
    46 | D        | Found a broken altar of Ashenzari.
    47 | D        | Became a worshipper of Sif Muna the Loreminder
    58 | D        | Reached skill level 1 in Conjurations
    59 | D        | Reached skill level 4 in Earth Magic
    59 | D        | Reached XP level 2. HP: 10/15 MP: 2/8
   295 | D        | Reached * piety under Sif Muna
   338 | D        | Reached ** piety under Sif Muna
   350 | D        | Reached skill level 5 in Earth Magic
   393 | D        | Noticed Grinder
   394 | D        | Noticed a floating eye
   394 | D        | Noticed a fire bat
   402 | D        | Paralysed by Grinder for 4 turns
   413 | D        | Killed Grinder
   414 | D        | Reached skill level 5 in Conjurations
   414 | D        | Reached skill level 8 in Earth Magic
   414 | D        | Reached XP level 3. HP: 5/19 MP: 5/13
   414 | D        | Reached XP level 4. HP: 7/24 MP: 5/15
   414 | D        | Reached XP level 5. HP: 8/28 MP: 5/16
   414 | D        | Slain by a fire bat

Illustrated notes

Levels and vault maps discovered:
D:        pitsprint [storerooms_1, entrance_room_1, metal_vault_2, armoury_3,
          mini_pit_1, grid_room_1, main_hall_1, silver_pit, the_coven_1,
          the_vestibule_1, steel_vault_5, golden_pit, hallway_of_sentries,
          crystal_vault_2, iron_vault_2, final_vault]

Skill      XL: |  1  2 |
---------------+-------+-----
Conjurations   | 1 5 |  5.5
Stealth        | 3 7 |  7.2
Earth Magic    | 4 8 |  8.8
Spellcasting   | 7 |  7.4
Dodging        | |  2.4
Transmutations | |  1.1

Action                     |  1- 3 |  4- 6 || total
---------------------------+-------+-------++-------
   Cast: Sandblast         |    17 |     1 ||    18
    Use: Potion            |     1 |       ||     1
 Armour: Robe              |     2 |       ||     2
  Dodge: Dodged            |     5 |       ||     5
